 Dungeon Crawl Stone Soup version 0.17.1-3-g152610e (webtiles) character file.

127469 angZt the Imperceptible (level 16, 0/79 HPs)
             Began as a Spriggan Enchanter on Mar 24, 2016.
             Was the Champion of Makhleb.
             Slain by a merfolk
             ... wielding a +0 trident of protection
              (18 damage)
             ... on level 3 of the Shoals on Apr 4, 2016.
             The game lasted 07:21:13 (36677 turns).

angZt the Imperceptible (Spriggan Enchanter)       Turns: 36677, Time: 07:21:13

Health: 0/79       AC:  5    Str:  5    XL:     16   Next: 46%
Magic:  37/37      EV: 37    Int: 23    God:    Makhleb [******]
Gold:   1701       SH:  0    Dex: 24    Spells: 5 memorised, 32 levels left

rFire  + . .     SeeInvis +     g - +3 dagger (speed)
rCold  . . .     Clarity  .     q - +1 robe of Joy {rF+ rN+ rCorr SInv}
rNeg   + . .     SustAt   .     (shield restricted)
rPois  +         Gourm    .     x - +0 hat {MR+}
rElec  .         Spirit   .     u - +0 cloak {rPois}
rCorr  +         Warding  .     (gloves unavailable)
rMut   .         Stasis   .     (boots unavailable)
MR     +++..                    H - amulet of regeneration
Stlth  ++++++....               F - ring "Wineinn" {+Fly rC- Dex+3 Stlth+}
                                D - ring of the Octopus King {rC+ AC+1 EV+1 Str+1 Int+1 Dex+1}

@: very quick, extremely resistant to hostile enchantments, very stealthy
A: unfitting armour, see invisible, clever 1, herbivore 3, speed 3, robust 1,
slow regeneration 1, slow metabolism 2
a: Minor Destruction, Lesser Servant of Makhleb, Major Destruction, Greater
Servant of Makhleb, Renounce Religion, Evoke Flight


You were on level 3 of the Shoals.
You worshipped Makhleb.
Makhleb was exalted by your worship.
You were not hungry.

You visited 5 branches of the dungeon, and saw 32 of its levels.
You also visited: Ossuary.

You collected 2859 gold pieces.
You spent 1158 gold pieces at shops.

Inventory:

Hand Weapons
 g - a +3 dagger of speed (weapon)
 w - the +6 trident of Poloinaz {freeze, rN+ Str+2 Int+2, unknown}
   (You found it on level 2 of the Shoals)

   It has been specially enchanted to freeze those struck by it, causing extra
   injury to most foes and up to half again as much damage against particularly
   susceptible opponents.
   It can also slow down cold-blooded creatures.
   It affects your strength (+2).
   It affects your intelligence (+2).
   It protects you from negative energy.
Missiles
 y - 4 poisoned tomahawks (quivered)
Armour
 q - the +1 robe of Joy (worn) {rF+ rN+ rCorr SInv}
   (You bought it in a shop on level 4 of the Orcish Mines)

   It protects you from fire.
   It protects you from negative energy.
   It lets you see invisible.
   It protects you from acid and corrosion.
 u - a +0 cloak of poison resistance (worn)
 x - a +0 hat of magic resistance (worn)
Jewellery
 l - a cursed ring of loudness {unknown}
 D - a ring of the Octopus King (left hand) {rC+ AC+1 EV+1 Str+1 Int+1 Dex+1}
   (You bought it in a shop on level 9 of the Dungeon)

   [ring of protection from cold]

   It affects your AC (+1).
   It affects your evasion (+1).
   It affects your strength (+1).
   It affects your intelligence (+1).
   It affects your dexterity (+1).
   It protects you from cold.
 F - the ring "Wineinn" (right hand) {+Fly rC- Dex+3 Stlth+}
   (You found it on level 9 of the Dungeon)

   [ring of stealth]

   It affects your dexterity (+3).
   It makes you vulnerable to cold.
   It lets you fly.
   It makes you more stealthy.
 H - an amulet of regeneration (around neck)
 J - an uncursed ring of positive energy {unknown}
Wands
 d - a wand of confusion (10)
 i - a wand of slowing (15)
 s - a wand of draining (10)
 v - a wand of digging (10)
 z - a wand of random effects (19)
 G - a wand of disintegration (7)
 K - a wand of confusion (29)
 M - a wand of lightning (3)
 N - a wand of paralysis (9)
 O - a wand of paralysis (11)
Scrolls
 a - 2 scrolls of enchant armour
 b - a scroll of brand weapon {unknown}
 e - 21 scrolls of identify
 j - a scroll of enchant weapon
 k - 3 scrolls of magic mapping
 m - 10 scrolls of remove curse
 n - 4 scrolls of teleportation
 L - 3 scrolls of random uselessness
Potions
 c - 2 potions of berserk rage
 f - a potion of cure mutation
 h - 3 potions of magic
 p - 5 potions of curing
 r - 2 potions of heal wounds
Books
 t - a Necronomicon

   Spells                             Type                      Level
   a - Haunt                          Necromancy/Summoning         7
   b - Borgnjor's Revivification      Necromancy                   8
   c - Death's Door                   Charms/Necromancy            8
   d - Necromutation                  Transmutation/Necromancy     8
 B - Sif Muna's Guide on Toxins
   (You found it on level 3 of the Shoals)

   Spells                             Type                      Level
   a - Sting                          Conjuration/Poison           1
   b - Mephitic Cloud                 Conjuration/Poison/Air       3
   c - Spider Form                    Transmutation/Poison         3
   d - Alistair's Intoxication        Transmutation/Poison         4
Miscellaneous
 o - a lamp of fire
 A - a phial of floods
 E - a lantern of shadows
 I - a phial of floods
Comestibles
 C - 9 bread rations
 U - 5 fruits


   Skills:
 + Level 3.1 Fighting
 + Level 5.1 Short Blades
   Level 0.6 Crossbows
 + Level 0.8 Throwing
 * Level 16.1 Dodging
 - Level 24.7 Stealth
   Level 1.1 Shields
 * Level 16.2 Spellcasting
 + Level 12.5 Hexes
 + Level 7.9 Ice Magic
 * Level 4.4 Invocations
 + Level 1.1 Evocations


You had 32 spell levels left.
You knew the following spells:

 Your Spells              Type           Power        Failure   Level  Hunger
a - Corona                Hex            ######.      0%          1    None
b - Ensorcelled Hibernat  Hex/Ice        ######       1%          2    None
c - Tukima's Dance        Hex            ######..     1%          3    None
d - Confuse               Hex            ######..     1%          3    None
e - Invisibility          Hex            ######..     2%          6    ####...


Dungeon Overview and Level Annotations

Branches:
Dungeon (15/15)            Temple (1/1) D:5            Lair (8/8) D:11
 Shoals (4/4) Lair:6        Snake (0/4) Lair:4        Slime (0/6) Lair:8
    Orc (4/4) D:12            Elf (0/3) Orc:4        Vaults (0/5) D:13
 Depths (0/5) D:15

Altars:
Ashenzari
Dithmenos
Elyvilon
Fedhas
Gozag
Makhleb
Nemelex Xobeh
Qazlal
Ru
Trog
Zin
Beogh
Jiyva

Shops:
D:5 =   D:8 (   D:9 =(=   D:10 :   D:15 %((   Orc:2 !   Orc:4 }[*[
Shoals:1 }*[

Annotations:
Lair:8 nublet's ghost, journeyman MiEE


Innate Abilities, Weirdness & Mutations

You are tiny and cannot use many weapons and most armour.
You have supernaturally acute eyesight.
You are a herbivore.
You cover ground extremely quickly.
You need consume almost no food.
Your mind is acute. (Int +2)
You are robust (+10% HP).
You regenerate slowly when monsters are visible.


Message History

Your ufetubus hits the merfolk.
Your ufetubus barely misses the merfolk.
Your ufetubus hits the merfolk but does no damage.
The merfolk hits your ynoxinul with a trident of protection!
Your ynoxinul dies!
Your ufetubus barely misses the merfolk. x2
Your ufetubus misses the merfolk.
Your ufetubus hits the merfolk but does no damage.
You hear a shout!
Your ufetubus disappears in a puff of smoke! x5
There is a stone staircase leading down here.
You enter the shallow water.
Moving in this stuff is going to be slow.
You see here a tomahawk.
Things that are here:
a javelin of penetration; a tomahawk You hit the plant.
The plant is lightly damaged.
The merfolk hits you from afar with a trident of protection!!
You die... ≈≈≈≈≈≈≈≈≈≈..≈≈PP≈(## #.≈≈≈ ≈≈≈≈≈≈≈≈≈≈..≈≈≈...# #.≈≈≈ ≈≈≈≈≈≈≈≈≈≈.(.....P# #..≈≈ ≈≈≈≈≈≈≈≈≈..≈.(..#### #.... ≈≈≈≈≈≈≈≈≈..≈≈..## #...≈ ≈≈≈≈≈≈≈≈≈≈≈≈P...## #.PPP ≈≈≈≈≈≈≈≈≈≈≈((≈.P## .≈≈≈P ≈≈≈≈≈≈≈≈≈≈≈≈≈≈(PP≈≈P### ≈≈PP≈≈ ≈≈≈≈≈≈≈≈≈≈≈≈≈≈(≈@≈PP..#. ..PP≈ ≈≈≈≈≈≈≈≈≈≈≈≈≈≈(≈..P≈≈)^. .P≈PPP

≈≈≈≈≈≈≈≈≈≈≈≈≈(.m.P.≈≈PPP≈
≈≈P≈.
≈≈≈≈≈≈≈≈≈≈≈≈≈≈≈≈≈.≈≈≈≈P≈≈
≈≈≈≈≈≈≈≈≈≈≈≈≈≈≈≈≈≈≈≈≈≈PPP
≈≈≈≈≈≈≈≈≈≈≈≈≈≈≈≈≈≈≈≈≈P..
≈≈≈≈≈≈≈≈≈...≈≈≈P≈≈≈≈≈≈P.
≈≈≈≈≈≈..≈...≈≈≈≈≈≈≈≈≈≈PP
≈≈.≈≈≈≈.≈≈...≈..P≈≈≈≈P..


You could see a merfolk.

Vanquished Creatures
  Kirke (Lair:7)
  An orc warlord (Orc:4)
  Nessos (Lair:6)
  A salamander stormcaller (D:15)
  Azrael (D:12)
  An ettin (D:13)
  2 merfolk javelineers
  Snorg (Lair:3)
  A fire dragon (Lair:8)
  3 vault guards (D:13)
  3 merfolk impalers
  Josephine (Orc:2)
  A yaktaur captain (D:15)
  4 hydras
  A merfolk avatar (Shoals:3)
  Erica (Orc:1)
  3 centaur warriors
  A catoblepas (Lair:8)
  2 satyrs (Shoals:2)
  A death yak (Lair:8)
  3 orc high priests (Orc:4)
  Urug (D:13)
  Nergalle (Orc:2)
  8 sea snakes
  3 orc knights (Orc:4)
  2 unseen horrors
  A necromancer (D:13)
  6 hill giants
  2 manticores
  9 harpies
  A wolf spider (Lair:7)
  8 griffons
  2 cyclopes
  The ghost of Shufflesack the Covert, a novice SpEn of Dithmenos (D:8)
  3 orc sorcerers (Orc:4)
  2 sirens
  5 elephants (Lair:7)
  6 ugly things
  11 fauns
  14 black mambas
  A black mamba (shapeshifter) (D:15)
  9 komodo dragons
  A gargoyle (D:11)
  2 molten gargoyles (D:14)
  3 centaur zombies
  19 spiny frogs
  2 kobold demonologists
  4 fire drakes
  2 efreet
  2 yaktaurs
  2 wind drakes (Shoals:3)
  16 merfolk
  3 trolls
  4 two-headed ogres
  7 slime creatures
  13 blink frogs
  2 snapping turtles
  2 wyverns
  5 wraiths
  A shadow (D:13)
  62 yaks
  4 hogs (Lair:7)
  A trapdoor spider (D:13)
  3 deep elf magi
  4 basilisks
  A vampire (D:15)
  Eustachio (D:3)
  18 humans (D:13)
  A hungry ghost (D:8)
  A steam dragon (D:9)
  5 wargs
  34 wolves
  19 water moccasins
  17 hippogriffs
  A soldier ant (D:14)
  3 hell hounds (D:12)
  35 orc warriors
  2 eyes of draining
  3 sky beasts
  9 porcupines
  An ice beast (D:6)
  3 phantoms
  A black bear (D:7)
  22 ogres
  11 centaurs
  3 necrophages
  3 wasps
  15 crocodiles
  4 big kobolds
  2 gnoll sergeants (D:12)
  15 giant frogs
  A scorpion (D:8)
  A wyvern skeleton (D:13)
  A vampire bat (Lair:1)
  8 killer bees
  A troll skeleton (D:11)
  9 wights
  4 spriggan skeletons (D:11)
  A quasit (D:11)
  7 crimson imps
  2 lava snakes (D:14)
  A giant frog zombie (D:11)
  A giant frog skeleton (D:11)
  32 orc priests
  6 hounds
  7 iguanas
  9 jellies
  2 centaur skeletons
  8 worker ants
  6 hell rats
  29 orc wizards
  15 sheep
  A mummy (Ossuary)
  9 gnolls
  2 hound skeletons
  20 adders
  68 river rats
  3 shadow imps
  6 oozes
  3 worms
  5 giant geckos
  196 orcs
  5 ball pythons
  15 bats
  4 giant cockroaches
  10 goblins
  12 hobgoblins
  6 jackals
  5 giant newts
  24 kobolds
  6 quokkas
  5 rats
  5 plants
1085 creatures vanquished.

Vanquished Creatures (collateral kills)
  Rupert (Orc:1)
  Gastronok (Lair:3)
  A vault guard (D:13)
  Erolcha (Orc:1)
  A catoblepas (Lair:8)
  An orc high priest (Orc:4)
  Pikel (D:8)
  Sigmund (D:2)
  A water elemental (Shoals:3)
  A wraith (Orc:1)
  A deep elf mage (D:10)
  2 wargs
  4 orc warriors
  6 centaurs (D:12)
  A big kobold (D:12)
  2 gnoll sergeants (D:12)
  3 wights (D:7)
  5 orc priests
  3 orcs
37 creatures vanquished.

Vanquished Creatures (others)
  A sky beast (D:8)
  A worker ant zombie (D:8)
  An adder skeleton (D:8)
  3 fungi
  21 plants
27 creatures vanquished.

Grand Total: 1149 creatures vanquished

Notes
Turn   | Place    | Note
--------------------------------------------------------------
     0 | D:1      | angZt the Spriggan Enchanter began the quest for the Orb.
     0 | D:1      | Reached XP level 1. HP: 9/9 MP: 5/5
   471 | D:1      | Reached XP level 2. HP: 2/13 MP: 4/6
  1525 | D:1      | Reached XP level 3. HP: 12/16 MP: 8/8
  1529 | D:1      | Learned a level 2 spell: Ensorcelled Hibernation
  1533 | D:1      | Learned a level 3 spell: Tukima's Dance
  1951 | D:1      | Reached skill level 5 in Stealth
  2129 | D:2      | Found a glowing silver altar of Zin.
  2197 | D:2      | Found a sparkling altar of Nemelex Xobeh.
  2481 | D:2      | Noticed Sigmund
  2571 | D:2      | Found a white marble altar of Elyvilon.
  2572 | D:2      | Found a sacrificial altar of Ru.
  2575 | D:2      | Reached XP level 4. HP: 17/21 MP: 3/10
  2577 | D:2      | Found a bloodstained altar of Trog.
  2616 | D:2      | Found a stormy altar of Qazlal.
  2622 | D:2      | Killed Sigmund
  2622 | D:2      | Reached skill level 6 in Stealth
  2622 | D:2      | Reached skill level 5 in Hexes
  2622 | D:2      | Reached skill level 1 in Ice Magic
  2622 | D:2      | Reached XP level 5. HP: 21/24 MP: 1/12
  2827 | D:2      | Found a stormy altar of Qazlal.
  3687 | D:3      | Reached XP level 6. HP: 24/28 MP: 10/13
  3863 | D:4      | Noticed Eustachio
  3886 | D:3      | Killed Eustachio
  3886 | D:3      | Reached skill level 7 in Stealth
  4061 | D:4      | Gained mutation: You are robust (+10% HP). [potion of mutation]
  4061 | D:4      | Gained mutation: You are covered in fur (AC +1). [potion of mutation]
  4071 | D:4      | Learned a level 3 spell: Confuse
  4145 | D:4      | Found an opulent altar of Gozag.
  4287 | D:4      | Lost mutation: You are covered in fur (AC +1). [potion of cure mutation]
  4357 | D:4      | Reached XP level 7. HP: 32/35 MP: 14/14
  4472 | D:5      | Entered Level 5 of the Dungeon
  4621 | D:5      | Found Heoppeam's Jewellery Boutique.
  4674 | D:5      | Found a staircase to the Ecumenical Temple.
  4754 | D:5      | Found a sand-covered staircase.
  4758 | Ossuary  | Entered an ossuary
  4776 | Ossuary  | Reached skill level 1 in Fighting
  5102 | Temple   | Entered the Ecumenical Temple
  5173 | Temple   | Became a worshipper of Makhleb the Destroyer
  5240 | D:5      | Reached skill level 8 in Stealth
  5240 | D:5      | Reached skill level 5 in Spellcasting
  5803 | D:5      | Reached skill level 5 in Dodging
  5803 | D:5      | Reached XP level 8. HP: 40/40 MP: 6/17
  5861 | D:6      | Reached skill level 9 in Stealth
  6881 | D:6      | Reached * piety under Makhleb
  7361 | D:7      | Reached skill level 10 in Stealth
  7458 | D:7      | Reached XP level 9. HP: 40/45 MP: 17/20
  7820 | D:7      | Reached ** piety under Makhleb
  7820 | D:7      | Reached skill level 11 in Stealth
  8269 | D:8      | Reached skill level 12 in Stealth
  8275 | D:8      | Noticed Pikel
  8294 | D:8      | Killed Pikel
  8378 | D:8      | Noticed Shufflesack's ghost (novice SpEn)
  8440 | D:8      | Killed Shufflesack's ghost
  8532 | D:8      | Found Elannel's Weapon Shoppe.
  8983 | D:9      | Reached XP level 10. HP: 50/50 MP: 12/23
  9050 | D:9      | Found Weenised's Jewellery Shoppe.
  9059 | D:9      | Got a fine lapis lazuli ring
  9069 | D:9      | Identified the ring "Wineinn" {+Fly rC- Dex+3 Stlth+} (You found it on level 9 of the Dungeon)
  9276 | D:9      | Found Nisuxt's Jewellery Emporium.
  9296 | D:9      | Reached *** piety under Makhleb
  9473 | D:9      | Found Kupaoky's Weapon Boutique.
  9501 | D:9      | Reached skill level 13 in Stealth
  9723 | D:10     | Entered Level 10 of the Dungeon
 10085 | D:10     | Found Yram Veate's Book Shoppe.
 10127 | D:10     | Noticed a hill giant
 10136 | D:10     | Killed a hill giant
 10196 | D:10     | Reached skill level 14 in Stealth
 10799 | D:10     | Noticed a hill giant
 10808 | D:10     | Killed a hill giant
 10918 | D:10     | Noticed a hill giant
 10929 | D:10     | Killed a hill giant
 11030 | D:9      | Bought a ring of the Octopus King {rC+ AC+1 EV+1 Str+1 Int+1 Dex+1} for 653 gold pieces
 11193 | D:11     | Reached **** piety under Makhleb
 11236 | D:11     | Noticed a brown ugly thing
 11268 | D:11     | Got a sheer robe
 11281 | D:11     | Identified the +1 robe "Buliq" {Int+2} (You found it on level 11 of the Dungeon)
 11357 | D:11     | Killed a brown ugly thing
 11357 | D:11     | Reached skill level 15 in Stealth
 11357 | D:11     | Reached XP level 11. HP: 55/55 MP: 22/25
 11800 | D:11     | Found a staircase to the Lair.
 11910 | D:11     | Reached skill level 10 in Spellcasting
 12316 | D:11     | Noticed an unseen horror
 12331 | D:11     | Killed an unseen horror
 12430 | Lair:1   | Entered Level 1 of the Lair of Beasts
 12505 | Lair:1   | Reached ***** piety under Makhleb
 12703 | Lair:1   | Reached skill level 16 in Stealth
 12714 | Lair:1   | Reached skill level 5 in Ice Magic
 13030 | Lair:1   | Reached skill level 10 in Dodging
 13838 | Lair:2   | Noticed a five-headed hydra
 13847 | Lair:2   | Killed a five-headed hydra
 13961 | Lair:2   | Reached skill level 17 in Stealth
 14097 | Lair:2   | Reached XP level 12. HP: 59/59 MP: 7/28
 14718 | Lair:3   | Got a fine glass ring
 15048 | Lair:3   | Noticed Gastronok
 15060 | Lair:3   | Killed Gastronok
 15170 | Lair:3   | Reached skill level 18 in Stealth
 15415 | Lair:3   | Noticed Snorg
 15525 | Lair:3   | Killed Snorg
 15630 | Lair:4   | Reached ****** piety under Makhleb
 15741 | Lair:4   | Found a staircase to the Snake Pit.
 15845 | Lair:4   | Reached skill level 19 in Stealth
 16164 | Lair:4   | Noticed a four-headed hydra
 16187 | Lair:4   | Killed a four-headed hydra
 16243 | Lair:4   | Reached XP level 13. HP: 63/63 MP: 11/30
 16352 | Lair:4   | Reached skill level 10 in Hexes
 17557 | Lair:6   | Noticed Nessos
 17568 | Lair:6   | Killed Nessos
 17568 | Lair:6   | Reached skill level 20 in Stealth
 17727 | Lair:6   | Found a staircase to the Shoals.
 17820 | Lair:7   | Identified the ring "Feotekou" {Ice +Fly rElec rN+} (You found it on level 3 of the Lair of Beasts)
 18389 | Lair:7   | Reached skill level 21 in Stealth
 18801 | Lair:7   | Noticed Kirke
 18843 | Lair:7   | Killed Kirke
 18898 | Lair:8   | Entered Level 8 of the Lair of Beasts
 19067 | Lair:8   | Reached XP level 14. HP: 69/69 MP: 27/32
 19246 | Lair:8   | Found a runed door.
 19248 | Lair:8   | Found a viscous altar of Jiyva.
 19250 | Lair:8   | Found a staircase to the Slime Pits.
 19312 | Lair:8   | Reached skill level 22 in Stealth
 19376 | Lair:8   | Got a flickering silver ring
 19603 | Lair:8   | Noticed nublet's ghost (journeyman MiEE)
 22047 | Lair:8   | Noticed a cacodemon
 22328 | Lair:1   | Learned a level 6 spell: Invisibility
 22356 | Lair:1   | Identified the ring "Qoumpona" {*Contam +Fly rElec Int-3 Dex+3} (You found it on level 8 of the Lair of Beasts)
 22376 | Lair:1   | Gained mutation: You regenerate slowly when monsters are visible. [mutagenic glow]
 22548 | D:12     | Noticed Azrael
 22552 | D:12     | Killed Azrael
 23292 | D:12     | Reached skill level 1 in Shields
 23440 | D:12     | Found a staircase to the Orcish Mines.
 23607 | Orc:1    | Entered Level 1 of the Orcish Mines
 23619 | Orc:1    | Found a roughly hewn altar of Beogh.
 23811 | Orc:1    | Noticed Erica
 23889 | Orc:1    | Killed Erica
 24103 | Orc:2    | Found Paotalif's Distillery.
 24106 | Orc:2    | Noticed Erolcha
 24368 | Orc:2    | Noticed Nergalle
 24371 | Orc:2    | Noticed Rupert
 24379 | Orc:2    | Killed Nergalle
 24410 | Orc:2    | Noticed Josephine
 24491 | Orc:1    | Killed Rupert
 24509 | Orc:1    | Killed Erolcha
 24546 | Orc:1    | Gained mutation: Your mind is acute. (Int +2) [mutagenic glow]
 24660 | Orc:1    | Reached skill level 1 in Invocations
 24780 | Orc:2    | Killed Josephine
 25040 | Orc:2    | Reached skill level 23 in Stealth
 26184 | Orc:4    | Entered Level 4 of the Orcish Mines
 27096 | Orc:4    | Found a roughly hewn altar of Beogh.
 27211 | Orc:4    | Found Fuasotat's Gadget Boutique.
 27231 | Orc:4    | Found Etisereg's Armour Shop.
 27691 | Orc:4    | Found a staircase to the Elven Halls.
 27895 | Orc:4    | Found Cyip's Assorted Antiques.
 28018 | Orc:4    | Noticed an orc warlord
 28020 | Orc:4    | Found a roughly hewn altar of Beogh.
 28140 | Orc:4    | Reached XP level 15. HP: 73/73 MP: 31/34
 28194 | Orc:4    | Killed an orc warlord
 28543 | Orc:4    | Found Qonor's Armour Boutique.
 28593 | Orc:4    | Bought the +1 robe of Joy {rF+ rN+ rCorr SInv} for 505 gold pieces
 30035 | D:13     | Noticed Urug
 30042 | D:13     | Killed Urug
 30211 | D:13     | Found a runed door.
 30608 | D:13     | Got an ichor-stained arbalest
 30904 | D:13     | Identified the +3 arbalest of Juckytt {freeze, rElec rPois Stlth+} (You found it on level 13 of the Dungeon)
 31072 | D:13     | Reached skill level 24 in Stealth
 31115 | D:13     | Reached skill level 15 in Dodging
 31245 | D:13     | Found a gate to the Vaults.
 31680 | D:14     | Reached skill level 15 in Spellcasting
 32305 | D:15     | Entered Level 15 of the Dungeon
 32321 | D:15     | Found Yrierph's Antique Weapon Shop.
 32367 | D:15     | Found Veaces's Antique Weapon Shop.
 33052 | D:15     | Found Ypoa's Food Boutique.
 33342 | D:15     | Found a staircase to the Depths.
 34015 | Shoals:1 | Entered Level 1 of the Shoals
 34173 | Shoals:1 | Found Xuomn's Assorted Antiques.
 34270 | Shoals:1 | Reached skill level 1 in Evocations
 34318 | Shoals:1 | Reached XP level 16. HP: 78/78 MP: 27/36
 34425 | Shoals:1 | Found Muwket's Gadget Shop.
 34603 | Shoals:1 | Found Ehiak's Armour Shop.
 35253 | Shoals:2 | Reached skill level 5 in Short Blades
 35871 | Shoals:2 | Got a pitted trident
 36061 | Shoals:3 | Identified Sif Muna's Guide on Toxins
 36617 | Shoals:4 | Entered Level 4 of the Shoals
 36677 | Shoals:3 | Slain by a merfolk

Action                   |  1- 3 |  4- 6 |  7- 9 | 10-12 | 13-15 | 16-18 || total
-------------------------+-------+-------+-------+-------+-------+-------++-------
Melee: Dagger            |   123 |    91 |   253 |   519 |  1368 |   134 ||  2488
 Fire: Arbalest          |       |       |       |       |    13 |       ||    13
Throw: Tomahawk          |       |       |       |     5 |    10 |     5 ||    20
 Cast: Corona            |    14 |       |     1 |     2 |     6 |       ||    23
       Ensorcelled Hiber |    26 |    27 |    81 |   199 |   652 |    71 ||  1056
       Tukima's Dance    |     1 |     1 |     5 |     2 |     3 |       ||    12
       Confuse           |       |       |    10 |    16 |    54 |    21 ||   101
       Invisibility      |       |       |       |       |     6 |       ||     6
Invok: Lesser Servant of |       |       |       |       |    21 |     1 ||    22
       Greater Servant o |       |       |       |       |     3 |       ||     3
       Minor Destruction |       |       |       |       |     1 |       ||     1
 Abil: Evoke Flight      |       |       |       |       |     7 |     8 ||    15
Evoke: Wand              |       |       |       |     1 |     5 |       ||     6
       Lamp of fire      |       |       |       |       |     2 |       ||     2
       Phial of floods   |       |       |       |       |     1 |       ||     1
  Use: Scroll            |     4 |     4 |     3 |    10 |     9 |       ||    30
       Potion            |     1 |     6 |     1 |     8 |     5 |     1 ||    22
 Stab: Sleeping          |    21 |    20 |    62 |   203 |   567 |    42 ||   915
       Distracted        |       |     1 |       |       |     2 |       ||     3
       Confused          |       |       |     3 |     8 |    28 |    13 ||    52
       Invisible         |       |       |       |       |    22 |       ||    22
  Eat: Bread ration      |       |     1 |       |     1 |     2 |       ||     4
       Pizza             |       |       |     1 |       |     1 |     1 ||     3
       Royal jelly       |       |       |       |     2 |     4 |       ||     6
       Fruit             |       |       |       |       |     3 |     4 ||     7
